 Dungeon Crawl Stone Soup version 0.28.0 (webtiles) character file.

Game seed: 17692619171356251845

234 AmazingTV the Sneak (level 5, 0/27 HPs)
             Began as a Spriggan Brigand on June 28, 2022.
             Succumbed to an adder's poison
             ... on level 4 of the Dungeon.
             The game lasted 00:09:14 (3750 turns).

AmazingTV the Sneak (Spriggan Brigand)              Turns: 3750, Time: 00:09:14

Health: 0/27       AC:  3    Str:  7    XL:     5   Next: 75%
Magic:  6/6        EV: 18    Int: 12    God:
Gold:   139        SH:  0    Dex: 19    Spells: 4/4 levels left

rFire   . . .      SeeInvis +   a - +4 short sword
rCold   . . .      Faith    .   (no shield)
rNeg    . . .      Spirit   .   b - +0 robe
rPois   .          Reflect  .   (helmet restricted)
rElec   .          Harm     .   c - +0 cloak
rCorr   .          Rampage  .   (gloves unavailable)
Will    .....                   (boots unavailable)
Stlth   ++........              (no amulet)
HPRegen 0.09/turn               (no ring)
MPRegen 0.10/turn               (no ring)

@: lethally poisoned (0 -> -2), slow
A: very small, no large weapons, unfitting armour, see invisible, speed 3
a: no special abilities


You were on level 4 of the Dungeon.
You visited 1 branch of the dungeon, and saw 5 of its levels.

You collected 139 gold pieces.

Inventory:

Hand Weapons
 a - a +4 short sword (weapon)
 n - a +2 dagger
 t - a +2 vampiric hand axe
Missiles
 d - 5 poisoned darts (quivered)
 e - 2 curare-tipped darts
 i - 45 stones
 j - 40 sling bullets
 o - 44 arrows
Armour
 b - a +0 robe (worn)
 c - a +0 cloak (worn)
Scrolls
 h - a scroll of immolation {unknown}
 m - 2 scrolls of identify {unknown}
 p - 2 scrolls of blinking {unknown}
 q - a scroll of amnesia {unknown}
 r - a scroll of vulnerability {unknown}
 v - 2 scrolls of enchant weapon {unknown}
Potions
 f - a potion of degeneration {unknown}
 g - 2 potions of ambrosia {unknown}
 k - 2 potions of attraction {unknown}
 l - 3 potions of curing {unknown}
 s - a potion of lignification {unknown}
 u - a potion of haste {unknown}


   Skills:
 + Level 2.6 Fighting
 + Level 3.5 Short Blades
 + Level 2.7(3.2) Slings
 - Level 2.0(2.4) Throwing
 + Level 3.4 Dodging
 + Level 7.1 Stealth


You had 4 spell levels left.
You didn't know any spells.
Your spell library was empty.

Dungeon Overview and Level Annotations

Branches:
Dungeon (5/15)
 Temple: D:4-7

Altars:
Gozag
Makhleb
Okawaru
Uskayaw
Vehumet

Portals:
Sewer: D:4

Annotations:
D:3 Sigmund
D:4 Menkaure


Innate Abilities, Weirdness & Mutations

You are very small and have problems with some larger weapons.
You are too small for most types of armour.
You have supernaturally acute eyesight. (SInv)
You cover ground extremely quickly. (Speed+++)


Message History

The ball python bites you but does no damage.
The ball python completely misses you. The adder misses you.
The ball python misses you. The ball python closely misses you.
You hit the ball python.
You kill the ball python!
The adder barely misses you.
The giant cockroach waves its antennae.
The worm bites you.
Your unstable footing causes you to fumble your attack.
The adder bites you. The giant cockroach misses you. The adder misses you.
Your unstable footing causes you to fumble your attack.
The giant cockroach closely misses you. The adder misses you.
The worm splashes around in the water.
You miss the adder. The giant cockroach closely misses you.
The adder bites you.
You are poisoned.
The adder poisons you!
You closely miss the giant cockroach.
You hear the quick rusting of a drain.
You feel sick.
The giant cockroach waves its antennae.
The giant cockroach completely misses you.
The adder bites you but does no damage. The worm bites you!
* * * LOW HITPOINT WARNING * * *
You hit the giant cockroach.
The giant cockroach is severely wounded.
* * * LOW HITPOINT WARNING * * *
You feel sick. The adder barely misses you.
The giant cockroach completely misses you.
You completely miss the giant cockroach.
The giant cockroach is severely wounded.
The adder closely misses you. The giant cockroach closely misses you.
The worm misses you. The adder completely misses you.
You hit the giant cockroach.
You kill the giant cockroach!
* * * LOW HITPOINT WARNING * * *
You feel sick. The adder closely misses you. The worm barely misses you.
You puncture the adder!
The adder is severely wounded.
You die...

##.. #.# #.# n....
#.# #.# #
##...##Y# #Y# #.
.$......#####.#
.#######..#..##.#
#≈≈≈≈≈#..#..##.#
#≈≈∩≈≈#..#..##.# #
#S≈w≈≈#..#.[##.#
#.#≈@≈≈≈#n.#....Z#
#.#+#####..##(##.#
#..............#Z#
#.#..###.#.#####.#
#..Z## #.#.. #...#
###.# #.###.#.#.#
#.# #. .#.### #.#
#Z# #.#### #.#


You could see a necrophage, a worm and an adder.

Vanquished Creatures
  A scorpion (D:4)
  An orc priest (D:3)
  A bullfrog skeleton (D:4)
  A jelly (D:4)
  3 adders
  A worm (D:2)
  2 orcs (D:3)
  7 ball pythons
  6 endoplasms
  4 giant cockroaches
  9 goblins
  3 hobgoblins
  6 kobolds
  2 quokkas (D:1)
  2 bats (D:1)
  2 frilled lizards (D:1)
  9 rats
60 creatures vanquished.

Vanquished Creatures (others)
  8 plants
8 creatures vanquished.

Grand Total: 68 creatures vanquished

Notes
Turn   | Place    | Note
-------+----------+-------------------------------------------
     0 | D:1      | AmazingTV the Spriggan Brigand began the quest for the Orb.
     0 | D:1      | Reached XP level 1. HP: 10/10 MP: 2/2
   179 | D:1      | Reached skill level 6 in Stealth
   194 | D:1      | Reached XP level 2. HP: 15/15 MP: 3/3
   372 | D:1      | Reached skill level 1 in Slings
   914 | D:2      | Reached XP level 3. HP: 14/18 MP: 4/4
  1286 | D:2      | Found a faded altar of an unknown god.
  1829 | D:3      | Found an iron altar of Okawaru.
  1859 | D:3      | Reached XP level 4. HP: 23/23 MP: 5/5
  1870 | D:3      | Noticed Sigmund
  1871 | D:3      | Found a hide-covered altar of Uskayaw.
  1873 | D:3      | Found an opulent altar of Gozag.
  2049 | D:3      | Found a radiant altar of Vehumet.
  2111 | D:3      | Noticed an ice beast
  3317 | D:4      | Noticed Menkaure
  3407 | D:4      | Reached XP level 5. HP: 27/27 MP: 6/6
  3408 | D:4      | Noticed a necrophage
  3432 | D:4      | Reached skill level 7 in Stealth
  3455 | D:4      | Noticed an ice beast
  3463 | D:4      | Found a glowing drain.
  3485 | D:5      | Entered Level 5 of the Dungeon
  3485 | D:5      | Found a burning altar of Makhleb.
  3749 | D:4      | HP: 1/27 [poisoned by an adder]
  3750 | D:4      | Succumbed to an adder's poison

Illustrated notes

Levels and vault maps discovered:
D:1:      dpeg_arrival_more_subterranean_lakeside_camping, layout_loops_ring,
          serial_bayou_ford_a
D:2:      layout_basic, hellmonk_ecumenical_altar_inner_sanctum,
          serial_bayou_crossing
D:3:      layout_basic, grunt_temple_overflow_open, okawaru_gym_becter,
          uniq_sigmund
D:4:      layout_basic, general_overflow_altar, portal_sewer_entry_c,
          uniq_menkaure
D:5:      layout_gridville, amcnicky_altar_gilded, lemuel_round_altar,
          trog_three_pillars_becter, roderic_roman_lattice

Skill      XL: |  1  2  3  4  5 |
---------------+----------------+-----
Stealth        | 6 7 |  7.1
Slings         | 1 2 |  2.7
Dodging        | 2 3 |  3.4
Fighting       | 2 |  2.6
Short Blades   | 3 |  3.5
Throwing       | |  2.0

Action                   |  1- 3 |  4- 6 || total
-------------------------+-------+-------++-------
Melee: Dagger            |    64 |       ||    64
       Short sword       |    50 |    45 ||    95
       Punch             |     1 |     1 ||     2
Throw: Dart              |       |    15 ||    15
 Stab: Sleeping          |    18 |     8 ||    26
Armor: Robe              |    12 |     7 ||    19
Dodge: Dodged            |    65 |    59 ||   124
